 Dungeon Crawl Stone Soup version 0.28.0-53-g5a82cb258f (webtiles) character file.

Game seed: 7610259176010181635

266 Sin92 the Skirmisher (level 6, -4/48 HPs)
             Began as a Demonspawn Fighter on June 7, 2022.
             Slain by Blork the orc
             ... wielding a +1 dire flail of protection
              (6 damage)
             ... on level 4 of the Dungeon.
             The game lasted 00:06:30 (3726 turns).

Sin92 the Skirmisher (Demonspawn Fighter)           Turns: 3726, Time: 00:06:31

Health: -4/48      AC: 10    Str: 17    XL:     6   Next: 0%
Magic:  6/6        EV: 10    Int:  9    God:
Gold:   208        SH:  5    Dex: 14    Spells: 5/5 levels left

rFire   . . .      SeeInvis .   i - +0 spear (freeze)
rCold   . . .      Faith    .   c - +0 buckler
rNeg    . . .      Spirit   .   o - +4 ring mail
rPois   .          Reflect  .   (no helmet)
rElec   .          Harm     .   (no cloak)
rCorr   .          Rampage  .   (no gloves)
Will    .....                   j - +0 pair of boots
Stlth   +.........              (no amulet)
HPRegen 0.16/turn               (no ring)
MPRegen 0.10/turn               (no ring)

@: no status effects
A: ignite blood 1, demonic touch 1
a: no special abilities


You were on level 4 of the Dungeon.
You visited 1 branch of the dungeon, and saw 4 of its levels.

You collected 208 gold pieces.

Inventory:

Hand Weapons
 a - a +0 trident
 i - a +0 spear of freezing (weapon)
 l - a +0 whip
Missiles
 n - 2 throwing nets (quivered)
Armour
 b - a +0 scale mail
 c - a +0 buckler (worn)
 j - a +0 pair of boots (worn)
 o - a +4 ring mail (worn)
Scrolls
 d - a scroll of blinking {unknown}
 e - 4 scrolls of identify
 k - a scroll of vulnerability
Potions
 f - 2 potions of degeneration
 h - a potion of haste {unknown}


   Skills:
 + Level 3.7 Fighting
 + Level 1.2 Maces & Flails
 * Level 3.4 Polearms
 + Level 3.4 Armour
 + Level 1.7 Dodging
 + Level 3.4 Shields


You had 5 spell levels left.
You didn't know any spells.
Your spell library contained the following spells:

 Spells                   Type           Power      Damage    Failure   Level
 Ensorcelled Hibernation  Hex/Ice        0%         N/A       82%         2
 Ozocubu's Armour         Ice            0%         N/A       96%         3
 Spider Form              Tmut/Pois      0%         N/A       96%         3
 Anguish                  Hex/Necr       0%         N/A       100%        4
 Ozocubu's Refrigeration  Ice            0%         4d5       100%        7


Dungeon Overview and Level Annotations

Branches:
Dungeon (4/15)
 Temple: D:4-7

Altars:
Elyvilon
Uskayaw

Shops:
D:2 *   D:3 [

Annotations:
D:4 Blork the orc


Innate Abilities, Weirdness & Mutations

Your demonic aura sometimes causes spilled blood to erupt in flames.
Your touch may inflict minor irresistible damage on your foes.


Message History

You hit the orc priest but do no damage.
The orc priest is almost dead.
Blork the orc hits you with a +1 dire flail of protection.
The orc priest hits you but does no damage.
You hit the orc priest.
You kill the orc priest!
Blork the orc hits you with a +1 dire flail of protection.
Blork the orc gestures at you while chanting.
The puff of frost misses you.
You hear a sizzling sound!
You have reached level 6!
You hit Blork the orc.
Blork the orc is lightly wounded.
Blork the orc screams, "I'll crush all your ribs!
One by one!"
Blork the orc hits you but does no damage.
You barely miss Blork the orc.
Blork the orc is lightly wounded.
Blork the orc barely misses you.
You closely miss Blork the orc.
Blork the orc is lightly wounded.
Blork the orc points at you and mumbles some strange words.
The magic dart hits you.
Blork the orc hits you with a +1 dire flail of protection!
* * * LOW HITPOINT WARNING * * *
As you read the scroll labelled HAGYZUSHREA, it crumbles to dust.
It is a scroll of brand weapon.
Your +0 spear is covered with a thin layer of ice!
i - a +0 spear of freezing (weapon)
You block Blork the orc's attack.
You hit Blork the orc. You freeze Blork the orc.
Blork the orc is lightly wounded.
Blork the orc screams, "I'm going to kill you!"
Blork the orc casts a spell at you. The puff of flame hits you.
* * * LOW HITPOINT WARNING * * *
Blork the orc barely misses you.
Blork the orc hits you with a +1 dire flail of protection.
* * * LOW HITPOINT WARNING * * *
Blork the orc hits you with a +1 dire flail of protection.
You die...

#.....###..............##
.......#..##.##.......##.#
...........#.##.......##..
#.....#.†.....##.........#
##...##..................#
#.....#...............####
...........#......##...##
.......#..###...........#
#.....###.....##@#..#...#
..###..# .....)#o...#..##
...#............o$......#
........#.....#.>.(.....#
..... ..##... #.##...####
...... ... #. .#..# ...#.
.. .. . ..# ..## . ..# #
...# .. ..# ...#


You could see Blork the orc (fast) and an orc.

Vanquished Creatures
  A phantom (D:4)
  2 orc priests
  A hound skeleton (D:4)
  4 adders
  A worm (D:3)
  A dart slug (D:1)
  7 orcs
  2 ball pythons
  6 endoplasms
  4 giant cockroaches
  5 goblins
  6 hobgoblins
  6 jackals (D:3)
  10 kobolds
  5 quokkas
  7 bats
  2 frilled lizards (D:1)
70 creatures vanquished.

Notes
Turn   | Place    | Note
-------+----------+-------------------------------------------
     0 | D:1      | Sin92 the Demonspawn Fighter began the quest for the Orb.
     0 | D:1      | Reached XP level 1. HP: 18/18 MP: 1/1
   173 | D:1      | Gained mutation: Your demonic aura sometimes causes spilled
                  | blood to erupt in flames. [demonic ancestry]
   173 | D:1      | Reached XP level 2. HP: 10/24 MP: 2/2
   988 | D:2      | Reached XP level 3. HP: 29/29 MP: 3/3
  1477 | D:2      | Reached skill level 1 in Dodging
  1691 | D:2      | Found Moobi's General Store.
  2142 | D:3      | Reached XP level 4. HP: 35/35 MP: 4/4
  2169 | D:3      | Found a hide-covered altar of Uskayaw.
  2178 | D:3      | Found Ceadel's Armour Boutique.
  2884 | D:3      | Gained mutation: Your touch may inflict minor irresistible
                  | damage on your foes. [demonic ancestry]
  2884 | D:3      | Reached XP level 5. HP: 41/41 MP: 5/5
  3412 | D:4      | Noticed a phantom
  3438 | D:4      | Killed a phantom
  3439 | D:4      | Reached skill level 1 in Maces & Flails
  3710 | D:4      | Noticed Blork the orc
  3720 | D:4      | Reached XP level 6. HP: 20/48 MP: 6/6
  3725 | D:4      | HP: 2/48 [Blork the orc/+1 dire flail of protection (6)]
  3726 | D:4      | Slain by Blork the orc

Illustrated notes

Levels and vault maps discovered:
D:1:      evilmike_arrival_hilbert_curve, layout_basic, roderic_filled_cross,
          grunt_decor_arrowhead, minmay_tall_x
D:2:      layout_loops_ring, serial_shops, shop
D:3:      wander_river, layout_loops_ring, mainiacjoe_overflow_brackets,
          nicolae_elyvilon_peaceful_grove, serial_shops, shop_coins,
          corexii_corridor_pit, grunt_ministairs_10
D:4:      nicolae_cairo_tiling_large_dashed, layout_cave_pools, tso_metal_star,
          uniq_menkaure, uniq_ijyb, uniq_blork_the_orc

Skill      XL: |  1  2  3  4  5 |
---------------+----------------+-----
Polearms       | 2 3 |  3.4
Armour         | 3 |  3.4
Shields        | 3 |  3.4
Dodging        | 1 |  1.7
Maces & Flails | 1 |  1.2
Fighting       | |  3.7

Action                   |  1- 3 |  4- 6 || total
-------------------------+-------+-------++-------
Melee: Trident           |    66 |       ||    66
       Spear             |    88 |   185 ||   273
  Use: Scroll            |       |     6 ||     6
       Potion            |       |     1 ||     1
Armor: Scale mail        |    62 |    51 ||   113
       Ring mail         |       |    24 ||    24
Dodge: Dodged            |    61 |    56 ||   117
Block: Buckler           |    22 |    46 ||    68
